 Dungeon Crawl Stone Soup version 0.30-a0-1053-gbd8d5ba0ad (webtiles) character file.

Game seed: 13971732906091294944

112 IdlyInterested the Ducker (level 4, 0/33 HPs)
             Began as a Demonspawn Gladiator on Apr 11, 2023.
             Succumbed to a gnoll's poison
             ... on level 3 of the Dungeon.
             The game lasted 00:07:01 (2242 turns).

IdlyInterested the Ducker (Demonspawn Gladiator)    Turns: 2242, Time: 00:07:01

Health: 0/33       AC:  7    Str: 14    XL:     4   Next: 63%
Magic:  4/4        EV: 11    Int: 15    God:
Gold:   81         SH:  7    Dex: 19    Spells: 3/3 levels left

rFire   . . .      SeeInvis .    o - +10 hammer "Reopisch" {flame, *Slow rC+ rCorr Dex+2}
rCold   + . .      Faith    .    p - +3 buckler
rNeg    . . .      Spirit   .    n - +0 ring mail
rPois   .          Reflect  .    c - +0 helmet
rElec   .          Rampage  .    q - +0 cloak
rCorr   +                        (no gloves)
Will    .....                    (no boots)
Stlth   ++                       (no amulet)
HPRegen 0.25/turn                j - +6 ring of intelligence
MPRegen 0.09/turn                (no ring)

@: lethally poisoned (0 -> -17)
A: hooves 2, powered by pain 1
a: no special abilities


You were on level 3 of the Dungeon.
You visited 1 branch of the dungeon, and saw 3 of its levels.

You collected 81 gold pieces.

Inventory:

Hand Weapons
 a - a +0 rapier
 o - the +10 hammer "Reopisch" (weapon) {flame, *Slow rC+ rCorr Dex+2}
   (You found it on level 2 of the Dungeon)

   Dex:       It affects your dexterity (+2).
   rC:        It protects you from cold.
   rCorr:     It protects you from acid and corrosion.
   *Slow:     It may slow you when you take damage.
Missiles
 d - 3 throwing nets
 e - a javelin
 i - 39 stones (quivered)
Armour
 b - a +0 leather armour
 c - a +0 helmet (worn)
 h - a +0 tower shield
 k - a +0 scale mail
 n - a +0 ring mail (worn)
 p - a +3 buckler (worn)
 q - a +0 cloak (worn)
Jewellery
 g - a ring of fire
 j - a +6 ring of intelligence (left hand)
Wands
 m - a wand of roots (13)
Scrolls
 f - 3 scrolls of teleportation


   Skills:
 - Level 2.0 Fighting
 + Level 2.8 Short Blades
 - Level 2.0 Throwing
 - Level 1.0 Armour
 - Level 3.0 Dodging
 - Level 3.0 Stealth
 * Level 1.0 Shields
 - Level 1.0 Evocations


You had 3 spell levels left.
You didn't know any spells.
Your spell library was empty.

Dungeon Overview and Level Annotations

Branches:
Dungeon (3/15)

Altars:


Innate Abilities, Weirdness & Mutations

You have hoof-like feet.
You sometimes gain a little power by taking damage.


Message History

The gnoll closely misses you.
You feel agile.
The +10 hammer "Reopisch" {flame, *Slow rC+ rCorr Dex+2} bursts into flame!
o - the +10 hammer "Reopisch" (weapon)
{flame, *Slow rC+ rCorr Dex+2} The gnoll closely misses you.
You closely miss the gnoll. You kick the gnoll, but do no damage.
The gnoll is heavily wounded.
The gnoll hits you with a +0 flail!
You closely miss the gnoll.
The gnoll is heavily wounded.
You block the gnoll's attack. The gnoll closely misses you.
You closely miss the gnoll.
The gnoll is heavily wounded.
You block the gnoll's attack.
You barely miss the gnoll. You kick the gnoll.
The gnoll is almost dead.
The gnoll barely misses you. The gnoll misses you.
You hit the gnoll. You burn the gnoll.
You kill the gnoll!
You sock the gnoll! You burn the gnoll.
You kill the gnoll!
You block the gnoll's attack. The gnoll hits you but does no damage.
You are poisoned.
Your Shields skill increases to level 1!
You feel very sick.
The gnoll hits you with a +1 spear of venom.
Items here: )) ††.
You sock the gnoll! You burn the gnoll. You kick the gnoll, but do no damage.
The gnoll is severely wounded.
You feel sick.
The gnoll hits you with a +1 spear of venom.
You are lethally poisoned!
You closely miss the gnoll.
The gnoll is severely wounded.
* * * LOW HITPOINT WARNING * * *
You feel extremely sick. You block the gnoll's attack.
You hit the gnoll. You burn the gnoll.
You kill the gnoll!
You die...

#...#
##...######....
.........##...#
....... ....# ......
#...# #...# #...
#...# #.. #<..# #)#
###...## #@# ###
#......# ##.###....
#.##.#.# #......##.
#....#.# #.........
#..#.#.####.####..#.
#.............# >#
[....#.#..####.#.# #
#.##......# #.#.# #
#.#.#.## #.. .


There were no monsters in sight!

Vanquished Creatures
  Crazy Yiuf (D:2)
  3 gnolls (D:3)
  An adder (D:2)
  A worm (D:2)
  A dart slug (D:1)
  3 orcs (D:2)
  6 endoplasms
  3 giant cockroaches
  2 goblins
  7 hobgoblins
  2 quokkas
  A ball python (D:2)
  8 bats
  A frilled lizard (D:2)
  3 kobolds
  3 rats (D:2)
46 creatures vanquished.

Vanquished Creatures (others)
  5 fungi (D:2)
5 creatures vanquished.

Grand Total: 51 creatures vanquished

Notes
Turn   | Place    | Note
-------+----------+-------------------------------------------
     0 | D:1      | IdlyInterested the Demonspawn Gladiator began the quest for
                  | the Orb.
     0 | D:1      | Reached XP level 1. HP: 16/16 MP: 1/1
   102 | D:1      | Reached skill level 1 in Stealth
   265 | D:1      | Gained mutation: You have large cloven feet. [demonic
                  | ancestry]
   265 | D:1      | Reached XP level 2. HP: 22/22 MP: 2/2
  1121 | D:2      | Gained mutation: You have hoof-like feet. [demonic
                  | ancestry]
  1121 | D:2      | Reached XP level 3. HP: 27/27 MP: 3/3
  1725 | D:2      | Reached skill level 1 in Evocations
  1915 | D:2      | Identified the +10 hammer "Reopisch" {flame, *Slow rC+
                  | rCorr Dex+2}
  1919 | D:2      | Found a runed translucent door.
  1920 | D:2      | Noticed Crazy Yiuf
  1931 | D:2      | Killed Crazy Yiuf
  1932 | D:2      | Reached skill level 1 in Armour
  1932 | D:2      | Gained mutation: You sometimes gain a little power by
                  | taking damage. [demonic ancestry]
  1932 | D:2      | Reached XP level 4. HP: 6/33 MP: 4/4
  2239 | D:3      | Reached skill level 1 in Shields
  2242 | D:3      | Succumbed to a gnoll's poison

Illustrated notes

Levels and vault maps discovered:
D:1:      dpeg_arrival_tiny_a, layout_basic
D:2:      layout_basic, uniq_crazy_yiuf_cottage
D:3:      layout_loops_cross, minivault_25, corexii_shack

Skill      XL: |  1  2  3  4 |
---------------+-------------+-----
Stealth        | 1 2 3 |  3.0
Dodging        | 3 |  3.0
Throwing       | 2 |  2.0
Evocations     | 1 |  1.0
Armour         | 1 |  1.0
Shields        | 1 |  1.0
Fighting       | |  2.0
Short Blades   | |  2.8

Action                     |  1- 3 |  4- 6 || total
---------------------------+-------+-------++-------
  Melee: Rapier            |   122 |    10 ||   132
         Kick              |    30 |     5 ||    35
         Mace              |     6 |     9 ||    15
  Throw: Stone             |     1 |     4 ||     5
    Use: Scroll            |     7 |     1 ||     8
         Potion            |       |     1 ||     1
   Stab: Sleeping          |     2 |     1 ||     3
 Armour: Leather armour    |    14 |       ||    14
         Ring mail         |    32 |     3 ||    35
  Dodge: Dodged            |    66 |     8 ||    74
  Block: Buckler           |    24 |     6 ||    30

Table legend: (Time is in decaauts)
 A = Elapsed time spent in this place.
 B = Non-inter-level travel time spent in this place.
 C = Inter-level travel time spent in this place.
 D = Time resting spent in this place.
 E = Time spent auto-exploring this place.
 F = Levels seen in this place.
 G = Mean time per level.
                   A        B        C        D        E       F      G
               +--------+--------+--------+--------+--------+-----+--------+
         Total |   2259 |   1844 |    415 |    276 |    988 |   3 |  753.0 |
       Dungeon |   2259 |   1844 |    415 |    276 |    988 |   3 |  753.0 |
               +--------+--------+--------+--------+--------+-----+--------+

Top non-repeatable levels by time:
     D:2: 1235 daAuts
     D:1: 953 daAuts
     D:3: 70 daAuts
